 Dungeon Crawl Stone Soup version 0.19.1 (webtiles) character file.

3089 Ice the Slinger (level 9, -5/72 (74) HPs)
             Began as a Minotaur Berserker on Dec 9, 2016.
             Was an Elder of Trog.
             Slain by an eight-headed hydra (7 damage)
             ... on level 1 of the Lair of Beasts on Dec 10, 2016.
             The game lasted 00:30:24 (5829 turns).

Ice the Slinger (Minotaur Berserker)                Turns: 5829, Time: 00:30:25

HP:   -5/72 (74)    AC:  7    Str: 23    XL:     9   Next: 59%
MP:   0/12          EV: 12    Int: 12    God:    Trog [****..]
Gold: 233           SH:  0    Dex: 13    Spells: 0 memorised, 8 levels left

rFire  . . .     SeeInvis .     j - +8 mace "Vehoosto" {venom, +Blink MR- Str-2 Int+8}
rCold  . . .     Gourm    .     g - +0 scale mail
rNeg   . . .     Faith    .     (no shield)
rPois  .         Spirit   +     (helmet restricted)
rElec  .         Reflect  .     E - +0 cloak
rCorr  .         Harm     .     (no gloves)
MR     .....                    (no boots)
Stlth  ..........               D - amulet of guardian spirit
                                K - ring of flight
                                a - +3 ring of strength

@: exhausted, slowed, very slow
A: retaliatory headbutt, horns 2
a: Berserk, Trog's Hand, Brothers in Arms, Burn Spellbooks, Renounce Religion,
Evoke Blink, Evoke Flight


You were on level 1 of the Lair of Beasts.
You worshipped Trog.
Trog was greatly pleased with you.
You were hungry.

You visited 2 branches of the dungeon, and saw 9 of its levels.

You collected 478 gold pieces.
You spent 245 gold pieces at shops.

Inventory:

Hand Weapons
 j - the +8 mace "Vehoosto" (weapon) {venom, +Blink MR- Str-2 Int+8}
   (You found it on level 4 of the Dungeon)

   It poisons the flesh of those it strikes.
   It affects your strength (-2).
   It affects your intelligence (+8).
   It affects your resistance to hostile enchantments.
   It lets you blink.
 k - a +2 hunting sling
 H - a +1 falchion of holy wrath
 I - a +0 war axe of freezing
 L - a +0 shortbow
Missiles
 b - 7 needles of frenzy
 d - 271 stones (quivered)
 h - 38 poisoned needles
 o - 2 throwing nets
 s - 59 arrows
 w - 8 tomahawks
 N - 54 bolts
Armour
 g - a +0 scale mail (worn)
 E - a +0 cloak (worn)
Jewellery
 a - a +3 ring of strength (left hand)
 D - an amulet of guardian spirit (around neck)
 K - a ring of flight (right hand)
Wands
 y - a wand of polymorph (4/24)
 P - a wand of iceblast (11/15)
Scrolls
 e - 2 scrolls of recharging
 q - 4 scrolls of remove curse {unknown}
 u - 2 scrolls of silence
 v - 2 scrolls of fog {unknown}
 x - 3 scrolls of teleportation
 A - a scroll of fear
 J - 2 scrolls of noise {unknown}
 M - a scroll of acquirement {unknown}
 Q - 2 scrolls of identify
Potions
 f - 3 potions of flight
 i - a potion of heal wounds
 l - a potion of berserk rage {unknown}
 m - a potion of haste
 n - a potion of cancellation
 r - a potion of mutation
 t - 4 potions of curing
 B - a potion of cure mutation {unknown}
Books
 O - a book of Misfortune

   Spells                             Type                      Level
   a - Confusing Touch                Hexes                        1
   b - Confuse                        Hexes                        3
   c - Gell's Gravitas                Hexes/Translocation          3
   d - Petrify                        Transmutation/Earth          4
   e - Metabolic Englaciation         Hexes/Ice                    5
   f - Yara's Violent Unravelling     Hexes/Transmutation          5
   Trog disapproves of the use of such an item.
Comestibles
 c - 3 bread rations
 p - 2 slices of pizza
 z - 3 fruits
 F - 3 meat rations
 G - 2 beef jerkies


   Skills:
 - Level 5.0 Fighting
 - Level 4.6 Maces & Flails
 + Level 10.9 Slings
 - Level 2.4 Armour
 - Level 5.0 Dodging
 - Level 6.1 Evocations


You had 8 spell levels left.
You didn't know any spells.

Dungeon Overview and Level Annotations

Branches:
Dungeon (8/15)             Temple (0/1) D:4            Lair (1/6) D:8

Altars:
Hepliaklqana
Makhleb
Nemelex Xobeh
Qazlal
Sif Muna
Trog
The Shining One

Shops:
D:4 ?=!*


Innate Abilities, Weirdness & Mutations

You reflexively headbutt those who attack you in melee.
You have a pair of horns on your head.


Message History

As you read the scroll of fear, it crumbles to dust.
You assume a fearsome visage.
The seven-headed hydra looks frightened!
Found 11 gold pieces.
You now have 233 gold pieces (gained 11).
The eight-headed hydra roars!
A crocodile comes into view.
There is a staircase back to the Dungeon here.
The eight-headed hydra bites you!
* * * LOW HITPOINT WARNING * * *
The eight-headed hydra bites you.
The eight-headed hydra closely misses you.
The eight-headed hydra barely misses you.
The eight-headed hydra bites you.
* * * LOW HITPOINT WARNING * * *
The eight-headed hydra bites you!
* * * LOW HITPOINT WARNING * * *
The eight-headed hydra bites you but does no damage.
The eight-headed hydra bites you!
You die...

.........%.....
..............t...#
..................#
D.................#
......D...........##
#...........P#
#...........P#
.######...#....D..#
...............@..#
..................##
#####....##........#
#....##......)##
#....##.......#
#...(P#.......#
#...(##.......#
#...(##.......#
##.....#.......#


You could see an eight-headed hydra and a crocodile.

Vanquished Creatures
  A komodo dragon (D:8)
  The ghost of jiveturtle the Cudgeler, an amateur DsBe of Trog (D:3)
  A hungry ghost (D:7)
  A porcupine (Lair:1)
  A sky beast (D:4)
  An ice beast (D:5)
  3 orc warriors
  An eye of draining (D:8)
  A necrophage (D:6)
  A black bear (D:6)
  3 ogres
  A centaur (D:5)
  2 bullfrogs
  A gnoll sergeant (D:8)
  A scorpion (D:3)
  4 crimson imps
  A bullfrog zombie (D:6)
  2 hounds (D:4)
  2 jellies (D:7)
  A bullfrog skeleton (D:5)
  A gnoll shaman (D:6)
  3 orc priests
  8 orc wizards
  5 worker ants
  2 howler monkey zombies
  7 gnolls
  A howler monkey skeleton (D:8)
  7 adders
  A shadow imp (D:7)
  An adder zombie (D:6)
  A worm (D:4)
  2 dart slugs (D:2)
  4 leopard geckos
  41 orcs
  A ball python (D:1)
  4 giant cockroaches
  5 goblins
  8 hobgoblins
  14 jackals
  7 kobolds
  4 quokkas
  11 bats
  2 frilled lizards (D:2)
  A jackal zombie (D:6)
  A leopard gecko skeleton (D:6)
  12 rats
184 creatures vanquished.

Vanquished Creatures (others)
  3 plants (D:8)
3 creatures vanquished.

Grand Total: 187 creatures vanquished

Notes
Turn   | Place    | Note
-------+----------+-------------------------------------------
     0 | D:1      | Ice the Minotaur Berserker began the quest for the Orb.
     0 | D:1      | Reached XP level 1. HP: 19/19 MP: 0/0
   219 | D:1      | Reached XP level 2. HP: 26/26 MP: 1/1
   749 | D:2      | Reached XP level 3. HP: 31/31 MP: 2/2
   788 | D:2      | Found a glowing golden altar of the Shining One.
   796 | D:2      | Reached ** piety under Trog
  1016 | D:2      | Found a hazy altar of Hepliaklqana.
  1100 | D:2      | Found a deep blue altar of Sif Muna.
  1389 | D:3      | Reached XP level 4. HP: 39/39 MP: 3/3
  1478 | D:3      | Reached skill level 5 in Dodging
  1531 | D:3      | Reached XP level 5. HP: 47/47 MP: 4/4
  1533 | D:3      | Reached skill level 5 in Fighting
  1767 | D:3      | Reached skill level 1 in Slings
  1866 | D:3      | Reached skill level 2 in Slings
  1973 | D:3      | Reached skill level 3 in Slings
  1973 | D:3      | Reached XP level 6. HP: 48/56 MP: 5/5
  2113 | D:3      | Noticed jiveturtle's ghost (amateur DsBe)
  2121 | D:3      | Killed jiveturtle's ghost
  2121 | D:3      | Reached skill level 5 in Slings
  2280 | D:4      | Reached *** piety under Trog
  2286 | D:4      | Found a staircase to the Ecumenical Temple.
  2288 | D:4      | Found Fyibeap's Magic Scroll Boutique.
  2299 | D:4      | Bought a scroll of enchant weapon for 75 gold pieces
  2299 | D:4      | Bought a scroll of identify for 20 gold pieces
  2299 | D:4      | Bought a scroll of silence for 75 gold pieces
  2299 | D:4      | Bought a scroll of identify for 20 gold pieces
  2299 | D:4      | Bought a scroll of identify for 20 gold pieces
  2299 | D:4      | Bought a scroll of fear for 35 gold pieces
  2326 | D:4      | Found Ozecir's Distillery.
  2346 | D:4      | Got a blackened mace
  2347 | D:4      | Identified the +8 mace "Vehoosto" {venom, +Blink MR- Str-2 Int+8} (You found it on level 4 of the Dungeon)
  2364 | D:4      | Reached XP level 7. HP: 55/61 MP: 6/6
  2375 | D:4      | Reached skill level 1 in Evocations
  2423 | D:4      | Found Bimagiov's Assorted Antiques.
  2526 | D:4      | Found Rileret's Jewellery Shoppe.
  3122 | D:4      | Reached XP level 8. HP: 68/68 MP: 10/10
  3292 | D:4      | Reached skill level 5 in Evocations
  3332 | D:5      | Entered Level 5 of the Dungeon
  3461 | D:5      | Found a burning altar of Makhleb.
  3661 | D:5      | You fall through a shaft!
  3663 | D:6      | Reached **** piety under Trog
  3768 | D:6      | Reached skill level 6 in Slings
  3884 | D:5      | Reached skill level 7 in Slings
  3968 | D:5      | Found a faded altar of an unknown god.
  3968 | D:5      | Found a faded altar of an unknown god.
  3994 | D:5      | Found a faded altar of an unknown god.
  3996 | D:5      | Found a sparkling altar of Nemelex Xobeh.
  3997 | D:5      | Found a faded altar of an unknown god.
  4401 | D:7      | Reached skill level 8 in Slings
  4401 | D:7      | Reached XP level 9. HP: 62/72 MP: 10/12
  4624 | D:7      | Reached skill level 9 in Slings
  4825 | D:7      | Found a stormy altar of Qazlal.
  4826 | D:7      | Found a bloodstained altar of Trog.
  5465 | D:8      | Noticed a komodo dragon
  5467 | D:8      | Found a staircase to the Lair.
  5495 | D:8      | Killed a komodo dragon
  5495 | D:8      | Reached skill level 10 in Slings
  5767 | Lair:1   | Entered Level 1 of the Lair of Beasts
  5781 | Lair:1   | Noticed a seven-headed hydra
  5782 | Lair:1   | Noticed an eight-headed hydra
  5829 | Lair:1   | HP: 2/72 [eight-headed hydra (11)]
  5829 | Lair:1   | Slain by an eight-headed hydra

Skill      XL: |  1  2  3  4  5  6  7  8  9 |
---------------+----------------------------+-----
Dodging        | 3 4 5 |  5.0
Fighting       | 4 5 |  5.0
Slings         | 3 5 8 10 | 10.9
Evocations     | 4 6 |  6.1
Maces & Flails | 4 |  4.6
Armour         | |  2.4

Action                   |  1- 3 |  4- 6 |  7- 9 || total
-------------------------+-------+-------+-------++-------
Melee: Mace              |    41 |     4 |   134 ||   179
       Headbutt          |     3 |    13 |    33 ||    49
       Trident           |    21 |       |       ||    21
       Quarterstaff      |       |    21 |       ||    21
       Glaive            |       |    26 |       ||    26
       Falchion          |       |       |    26 ||    26
 Fire: Hunting sling     |    30 |    43 |   163 ||   236
Throw: Stone             |    60 |     8 |    38 ||   106
Invok: Berserk           |       |     1 |     2 ||     3
 Abil: Evoke Flight      |       |       |     1 ||     1
  Use: Scroll            |     2 |     7 |     6 ||    15
  Eat: Chunk             |     2 |     4 |    12 ||    18
       Royal jelly       |       |       |     1 ||     1
Armor: Animal skin       |     9 |       |       ||     9
       Ring mail         |    14 |    11 |     4 ||    29
       Scale mail        |       |       |    30 ||    30
Dodge: Dodged            |    46 |    31 |    83 ||   160
       Rpst.: Falchion   |       |       |     2 ||     2
